 Dungeon Crawl Stone Soup version 0.16-a0-223-g37887f7 (webtiles) character file.

31151 KaKa the Conjurer (level 13, 0/88 HPs)
             Began as a Mummy Fire Elementalist on Aug 18, 2014.
             Was the Champion of Sif Muna.
             Slain by a black mamba (4 damage)
             ... on Level 7 of the Lair of Beasts on Aug 19, 2014.
             The game lasted 02:30:42 (20913 turns).

KaKa the Conjurer (Mummy Fire Elementalist)        Turns: 20913, Time: 02:30:42

HP   0/88        AC  9     Str 11      XL: 13   Next: 24%
MP   5/27        EV 10     Int 18      God: Sif Muna [******]
Gold 883         SH  7     Dex 12      Spells:  7 memorised,  3 levels left

rFire  . . .     SeeInvis +     I - +9 hand axe of Pain and Death {chop, rPois rN+}
rCold  + . .     Clarity  .     k - +0 leather armour
rNeg   + + +     rCorr    +     p - +2 buckler {AC+3}
rPois  +         rRot     +     (no helmet)
rElec  .         Spirit   .     l - +0 cloak
SustAb .         Warding  .     (no gloves)
rMut   .         Stasis   .     M - +1 pair of boots
Gourm  .                        u - amulet of resist corrosion
MR     +....                    o - ring of see invisible
                                w - cursed ring of protection from fire

@: very slightly contaminated, repel missiles, somewhat resistant to hostile
enchantments, unstealthy
A: no food or potions, fire vulnerability, in touch with death, restore body,
cold resistance 1, negative energy resistance 3, poison resistance, torment
resistance, unbreathing
a: Self-Restoration, Channel Energy, Forget Spell, Renounce Religion


You were on level 7 of the Lair of Beasts.
You worshipped Sif Muna.
Sif Muna was exalted by your worship.
You were not hungry.

You visited 3 branches of the dungeon, and saw 16 of its levels.

You collected 883 gold pieces.

Inventory:

Hand weapons
 f - a +0 lajatang of slicing
 s - a +3 dagger of speed
 t - a +0 blowgun
 G - the +0 short sword of Bicvaab {flame, Int+4}
   (You found it on level 3 of the Lair of Beasts)

   It emits flame when wielded, causing extra injury to most foes and up to
   double damage against particularly susceptible opponents.
   Big, fiery blades are also staple armaments of hydra-hunters.
   It affects your intelligence (+4).
 I - the +9 hand axe of Pain and Death (weapon) {chop, rPois rN+}
   (You found it on level 4 of the Lair of Beasts)

   It inflicts extra damage upon your enemies.
   It protects you from poison.
   It protects you from negative energy.
Missiles
 a - 15 poisoned needles
 r - 8 curare-tipped needles
 K - 8 javelins (quivered)
Armour
 k - a +0 leather armour (worn)
 l - a +0 cloak (worn)
 p - a +2 buckler of protection (worn)
 M - a +1 pair of boots (worn)
Magical devices
 d - a wand of lightning (0)
 e - a wand of polymorph (11)
 v - a wand of hasting (1)
 z - a wand of flame (17)
 A - a wand of digging (8)
Scrolls
 c - 5 scrolls of identify
 g - a scroll of fear
 h - 5 scrolls of magic mapping
 i - 5 scrolls of teleportation
 j - 2 scrolls of recharging
 m - a scroll of enchant armour
 n - 2 scrolls of enchant weapon
 q - 8 scrolls of remove curse
 C - a scroll of random uselessness
Jewellery
 o - a ring of see invisible (right hand)
 u - an amulet of resist corrosion (around neck)
 w - a cursed ring of protection from fire (left hand)
Books
 b - a book of Flames

   Spells                             Type                      Level
   Flame Tongue                       Conjuration/Fire             1
   *Throw Flame                       Conjuration/Fire             2
   *Conjure Flame                     Conjuration/Fire             3
   Inner Flame                        Hexes/Fire                   3
   *Sticky Flame                      Conjuration/Fire             4
   *Fireball                          Conjuration/Fire             5
 x - a book of the Earth

   Spells                             Type                      Level
   Leda's Liquefaction                Hexes/Earth                  4
   *Bolt of Magma                     Conjuration/Fire/Earth       5
   Statue Form                        Transmutation/Earth          6
   Iron Shot                          Conjuration/Earth            6
   Shatter                            Earth                        9
 B - a book of Cantrips

   Spells                             Type                      Level
   Corona                             Hexes                        1
   Animate Skeleton                   Necromancy                   1
   Summon Small Mammal                Summoning                    1
   *Apportation                       Translocation                1
 E - Easy Witchery
   (You found it on level 2 of the Lair of Beasts)

   Spells                             Type                      Level
   Song of Slaying                    Charms                       2
   *Repel Missiles                    Charms/Air                   2
   *Throw Flame                       Conjuration/Fire             2
   Confusing Touch                    Hexes                        2
   Sublimation of Blood               Necromancy                   2
 F - Sif Muna's Catalogue of Venomous Attacks
   (Sif Muna gifted it to you on level 3 of the Lair of Beasts)

   Spells                             Type                      Level
   Sting                              Conjuration/Poison           1
   Magic Dart                         Conjuration                  1
   Static Discharge                   Conjuration/Air              3
   Throw Icicle                       Conjuration/Ice              4
   Venom Bolt                         Conjuration/Poison           5
   Poison Arrow                       Conjuration/Poison           6
 J - Sif Muna's Almanac of the Damaging Volcanoes
   (Sif Muna gifted it to you on level 4 of the Lair of Beasts)

   Spells                             Type                      Level
   Flame Tongue                       Conjuration/Fire             1
   Inner Flame                        Hexes/Fire                   3
   Bolt of Fire                       Conjuration/Fire             6
   Fire Storm                         Conjuration/Fire             9
 L - a book of Transfigurations

   Spells                             Type                      Level
   Stoneskin                          Transmutation/Earth          2
   Ice Form                           Ice/Transmutation            4
   Statue Form                        Transmutation/Earth          6
   Dragon Form                        Transmutation                7
Magical staves
 y - an uncursed staff of wizardry
Rods
 H - a +6 rod of shadows (14/14)
   (You found it on level 3 of the Lair of Beasts)


   Skills:
 - Level 4.0 Fighting
 - Level 1.5 Dodging
 - Level 1.5 Stealth
 - Level 5.0 Shields
 + Level 6.9 Spellcasting
 - Level 11.0 Conjurations
 - Level 11.0 Fire Magic
 - Level 6.6 Earth Magic
 - Level 4.2 Invocations


You had 3 spell levels left.
You knew the following spells:

 Your Spells              Type           Power        Failure   Level  Hunger
a - Throw Flame           Conj/Fire      #####.       1%          2    N/A
b - Repel Missiles        Chrm/Air       #.....       17%         2    N/A
c - Conjure Flame         Conj/Fire      #####...     1%          3    N/A
d - Sticky Flame          Conj/Fire      #####...     1%          4    N/A
e - Fireball              Conj/Fire      #####.....   3%          5    N/A
f - Bolt of Magma         Conj/Fire/Erth #####.....   8%          5    N/A
g - Apportation           Tloc           #.........   12%         1    N/A

Dungeon Overview and Level Annotations

Branches:
Dungeon (8/15)             Temple (1/1) D:4            Lair (7/8) D:8
  Swamp (0/5) Lair:3       Spider (0/5) Lair:3        Slime (0/6) Lair:6

Altars:
Ashenzari
Cheibriados
Dithmenos
Fedhas
Gozag
Kikubaaqudgha
Makhleb
Nemelex Xobeh
Okawaru
Qazlal
Sif Muna
Trog
Vehumet
Yredelemnul
Zin
The Shining One

Annotations:
Lair:2 exclusion: burning bush
Lair:3 Snorg


Innate Abilities, Weirdness & Mutations

You do not eat or drink.
Your flesh is vulnerable to fire.
You are in touch with the powers of death.
You can restore your body by infusing magical energy.
Your flesh is cold resistant.
You are immune to negative energy.
Your system is resistant to poisons.
You are immune to unholy pain and torment.
You can survive without breathing.


Message History

As you read the scroll of blinking, it crumbles to dust.
The centaur wields an uncursed shortbow.
The centaur shoots an arrow.
The arrow hits you!
* * * LOW HITPOINT WARNING * * *
The spriggan hits you but does no damage.
The centaur unwields an uncursed shortbow.
The centaur misses you. You block the spiny frog's attack.
You block the black mamba's attack.
The centaur wields an uncursed shortbow.
The centaur shoots an arrow.
The arrow closely misses you.
The spriggan hits the fungus with a dagger!
The black mamba bites you!
* * * LOW HITPOINT WARNING * * *
You feel yourself slow down.
The centaur shoots an arrow.
You block the arrow.
Things that are here:
an arrow; an adder corpse You block the black mamba's attack.
The black mamba bites you.
You die...

......... ##### .......# ##..#.
......## #### ##..... .....#.#
##..## #....B. #.....### #...P
##..... #.......# ...### ###..F.
#.......## ###...P# #P.....
.........#####...(..# ###......
..........#..#..@..## #......#.
.................S..#####......##
.................c..##.##.....##
..............##...F##.B(.....#
.............###....iPP....####
..##.......### ###....h.....##
.##.......## ##..........##.
#.....#....# ##...........#
...........### #P..P......#..


You could see a black mamba, a spiny frog, a black bear, a spriggan and a
centaur.

Vanquished Creatures
  Maud (Lair:5)
  5 hydras
  A griffon (Lair:5)
  A wolf spider (Lair:3)
  4 oklob plants (Lair:3)
  A black mamba (Lair:6)
  6 elephants
  2 komodo dragons
  9 spiny frogs
  2 fire drakes
  4 wandering mushrooms (D:8)
  2 polar bears (Lair:7)
  A queen bee (Lair:1)
  A boulder beetle (Lair:7)
  4 basilisks
  4 redbacks (Lair:6)
  2 tarantellas (Lair:6)
  19 yaks
  4 hippogriffs
  8 water moccasins
  18 wolves
  9 porcupines
  2 orc warriors
  3 ice beasts
  A sky beast (D:8)
  A phantom (D:6)
  6 ogres
  A black bear (D:7)
  3 centaurs
  13 crocodiles
  17 giant frogs
  A big kobold (D:8)
  A brain worm (Lair:5)
  3 scorpions
  38 killer bees
  A yak zombie (D:7)
  2 oklob saplings (D:8)
  6 wights
  3 jellies
  A crimson imp (D:6)
  2 giant frog zombies
  5 orc priests
  8 hounds
  4 iguanas
  Natasha (twice) (D:3)
  8 orc wizards
  9 worker ants
  7 sheep (Lair:4)
  An ogre zombie (D:5)
  A big kobold skeleton (D:6)
  A hound skeleton (D:6)
  A mummy (D:8)
  24 adders
  28 green rats
  5 giant mites
  A shadow imp (D:6)
  2 worms
  An adder skeleton (D:6)
  6 giant geckos
  5 oozes (Lair:6)
  17 orcs
  A ball python (D:1)
  15 bats
  A bat zombie (D:5)
  6 giant cockroaches
  10 goblins
  11 hobgoblins
  23 kobolds
  13 quokkas
  2 giant newts
  A giant spore (D:7)
  2 hobgoblin zombies
  14 jackals
  A quokka skeleton (D:5)
  8 rats
  A rat zombie (D:6)
  2 ballistomycetes (D:7)
  A plant (Lair:3)
461 creatures vanquished.

Vanquished Creatures (collateral kills)
  A fungus (Lair:3)
1 creature vanquished.

Grand Total: 462 creatures vanquished

Notes
Turn   | Place    | Note
--------------------------------------------------------------
     0 | D:1      | KaKa, the Mummy Fire Elementalist, began the quest for the Orb.
     0 | D:1      | Reached XP level 1. HP: 13/13 MP: 3/3
   536 | D:1      | Reached XP level 2. HP: 19/19 MP: 1/4
   631 | D:1      | Learned a level 2 spell: Throw Flame
   651 | D:1      | Reached skill level 1 in Conjurations
   805 | D:1      | Reached skill level 3 in Fire Magic
  1208 | D:1      | Reached XP level 3. HP: 21/24 MP: 3/6
  1244 | D:1      | Learned a level 3 spell: Conjure Flame
  1654 | D:2      | Found an ancient bone altar of Kikubaaqudgha.
  2534 | D:2      | Reached XP level 4. HP: 30/30 MP: 3/7
  3133 | D:3      | Noticed Natasha
  3169 | D:3      | Killed Natasha
  3446 | D:3      | Reached XP level 5. HP: 11/35 MP: 0/9
  3794 | D:4      | Noticed an ogre
  3853 | D:4      | Noticed an ogre
  3873 | D:4      | Killed an ogre
  4085 | D:4      | Found a staircase to the Ecumenical Temple.
  4097 | Temple   | Entered the Ecumenical Temple
  4111 | Temple   | Became a worshipper of Sif Muna the Loreminder
  4258 | D:4      | Reached XP level 6. HP: 39/41 MP: 7/10
  4417 | D:4      | Reached skill level 4 in Conjurations
  4457 | D:4      | Noticed an ogre
  4479 | D:4      | Killed an ogre
  4744 | D:3      | Noticed Natasha
  4746 | D:3      | Killed Natasha
  5057 | D:4      | Killed an ogre
  5189 | D:5      | Entered Level 5 of the Dungeon
  5215 | D:5      | Reached XP level 7. HP: 46/46 MP: 0/12
  5340 | D:5      | Acquired Sif Muna's first power
  5500 | D:5      | Reached skill level 5 in Conjurations
  5671 | D:5      | Reached skill level 5 in Fire Magic
  5842 | D:5      | Reached XP level 8. HP: 49/52 MP: 0/13
  6002 | D:5      | Acquired Sif Muna's second power
  6104 | D:5      | Reached skill level 6 in Conjurations
  6122 | D:5      | Learned a level 4 spell: Sticky Flame
  6940 | D:6      | Learned a level 5 spell: Fireball
  7080 | D:6      | Reached skill level 5 in Spellcasting
  7414 | D:6      | Reached XP level 9. HP: 57/57 MP: 18/21
  8258 | D:7      | Reached skill level 7 in Conjurations
  8577 | D:7      | Reached skill level 1 in Invocations
  9712 | D:7      | Acquired Sif Muna's third power
 10116 | D:8      | Found a blossoming altar of Fedhas.
 10136 | D:8      | Reached XP level 10. HP: 63/63 MP: 1/22
 10297 | D:8      | Found a staircase to the Lair.
 10298 | D:8      | Noticed a fire drake
 10369 | D:8      | Reached skill level 1 in Fighting
 10703 | D:8      | Killed a fire drake
 11568 | Lair:1   | Entered Level 1 of the Lair of Beasts
 11582 | Lair:1   | Found an iron altar of Okawaru.
 11920 | Lair:1   | Reached skill level 8 in Conjurations
 12364 | Lair:1   | Reached skill level 5 in Shields
 12394 | Lair:1   | Reached XP level 11. HP: 50/77 MP: 16/24
 12752 | Lair:2   | Learned a level 5 spell: Bolt of Magma
 12754 | Lair:2   | Learned a level 1 spell: Apportation
 12825 | Lair:2   | Reached skill level 1 in Earth Magic
 12894 | Lair:2   | Noticed a five-headed hydra
 12939 | Lair:2   | Killed a five-headed hydra
 13273 | Lair:2   | Identified Easy Witchery
 13776 | Lair:3   | Found a hole to the Spider Nest.
 14013 | Lair:3   | Reached skill level 5 in Earth Magic
 14076 | Lair:3   | Found a staircase to the Swamp.
 14262 | Lair:3   | Received a gift from Sif Muna
 14265 | Lair:3   | Identified Sif Muna's Catalogue of Venomous Attacks (Sif Muna gifted it to you on level 3 of the Lair of Beasts)
 14833 | Lair:3   | Got an iridescent short sword
 14840 | Lair:3   | Identified the +0 short sword of Bicvaab {flame, Int+4} (You found it on level 3 of the Lair of Beasts)
 14841 | Lair:3   | Identified a +6 rod of shadows (14/14) (You found it on level 3 of the Lair of Beasts)
 15305 | Lair:3   | Noticed Snorg
 15662 | Lair:2   | Upgraded the game from 0.16-a0-212-g3ed950e to 0.16-a0-223-g37887f7
 16236 | Lair:3   | Reached skill level 9 in Conjurations
 16236 | Lair:3   | Reached XP level 12. HP: 83/83 MP: 0/25
 16825 | Lair:4   | Got a fine hand axe
 16826 | Lair:4   | Identified the +9 hand axe of Pain and Death {chop, rPois rN+} (You found it on level 4 of the Lair of Beasts)
 17456 | Lair:4   | Received a gift from Sif Muna
 17457 | Lair:4   | Identified Sif Muna's Almanac of the Damaging Volcanoes (Sif Muna gifted it to you on level 4 of the Lair of Beasts)
 17929 | Lair:5   | Noticed Maud
 17938 | Lair:5   | Killed Maud
 17938 | Lair:5   | Reached skill level 10 in Conjurations
 18092 | Lair:5   | Reached skill level 10 in Fire Magic
 19343 | Lair:6   | Noticed a six-headed hydra
 19343 | Lair:6   | Noticed an eight-headed hydra
 19348 | Lair:6   | Killed a six-headed hydra
 19381 | Lair:6   | Found a staircase to the Slime Pits.
 19410 | Lair:6   | Killed an eight-headed hydra
 19612 | Lair:6   | Received a gift from Sif Muna
 19761 | Lair:6   | Reached XP level 13. HP: 62/88 MP: 4/25
 19923 | Lair:6   | Found a dark tunnel.
 20087 | Lair:6   | Reached skill level 11 in Conjurations
 20848 | Lair:7   | Learned a level 2 spell: Repel Missiles
 20909 | Lair:7   | HP: 3/88 [black mamba (8)]
 20913 | Lair:7   | Slain by a black mamba

Action                   |  1- 3 |  4- 6 |  7- 9 | 10-12 | 13-15 || total
-------------------------+-------+-------+-------+-------+-------++-------
Melee: Unarmed           |    20 |       |       |       |       ||    20
       Short sword       |    24 |    20 |       |       |       ||    44
       Dagger            |       |     7 |    21 |     7 |       ||    35
       Lajatang          |       |       |     7 |       |       ||     7
       Staff             |       |       |       |    22 |       ||    22
       Hand axe          |       |       |       |    38 |    15 ||    53
 Fire: Hunting sling     |       |    20 |       |       |       ||    20
Throw: Stone             |     8 |    10 |       |       |       ||    18
 Cast: Flame Tongue      |    70 |    81 |    76 |    38 |       ||   265
       Throw Flame       |     1 |    15 |   189 |   229 |    36 ||   470
       Conjure Flame     |     1 |     6 |     7 |    22 |     1 ||    37
       Sticky Flame      |       |       |    49 |    87 |    11 ||   147
       Fireball          |       |       |     5 |   109 |    12 ||   126
       Bolt of Magma     |       |       |       |    57 |    24 ||    81
       Apportation       |       |       |       |     8 |       ||     8
       Repel Missiles    |       |       |       |       |     1 ||     1
Invok: Channel Energy    |       |       |   344 |   639 |   103 ||  1086
       Forget Spell      |       |       |       |     1 |       ||     1
Evoke: Wand              |       |       |     1 |    15 |     3 ||    19
       Rod               |       |       |       |     4 |       ||     4
  Use: Scroll            |       |     5 |     3 |    10 |     3 ||    21
 Stab: Sleeping          |       |     1 |       |       |       ||     1
